 Dungeon Crawl Stone Soup version 0.29-a0-330-g52719c12eb (webtiles) character file.

Game seed: 8102916072817693921

56 DuloT34 the Magician (level 4, 0/33 HPs)
             Began as a Djinni Fire Elementalist on May 12, 2022.
             Slain by a gnoll
             ... wielding a +0 whip
              (5 damage)
             ... on level 2 of the Dungeon.
             The game lasted 00:03:48 (2229 turns).

DuloT34 the Magician (Djinni Fire Elementalist)     Turns: 2229, Time: 00:03:49

Health: 0/33       AC:  2    Str:  7    XL:     4   Next: 15%
Gold:   78         EV: 12    Int: 18    God:
                   SH:  0    Dex: 14

rFire   + + .      SeeInvis .   (no weapon)
rCold   x . .      Faith    .   (no shield)
rNeg    . . .      Spirit   .   a - +0 robe
rPois   ∞          Reflect  .   (no helmet)
rElec   .          Harm     .   (no cloak)
rCorr   .          Rampage  .   (no gloves)
Will    .....                   (boots unavailable)
Stlth   ++........              (no amulet)
HPRegen 0.11/turn               (no ring)
MPRegen 0.00/turn               (no ring)

@: flying
A: sickness immunity, fire resistance 2, cold vulnerability 1, float, innate
caster, HP casting, extra vitality 1
a: no special abilities


You were on level 2 of the Dungeon.
You visited 1 branch of the dungeon, and saw 2 of its levels.

You collected 78 gold pieces.

Inventory:

Armour
 a - a +0 robe (worn)
Scrolls
 b - 2 scrolls of identify
 f - a scroll of enchant armour {unknown}
Potions
 c - 2 potions of might
 d - a potion of cancellation {unknown}
 e - 2 potions of berserk rage {unknown}
 g - a potion of haste {unknown}


   Skills:
 + Level 2.3 Fighting
 - Level 2.1 Dodging
 - Level 1.5 Stealth
 + Level 3.1 Spellcasting


You couldn't memorise any spells.
You knew the following spells:

 Your Spells              Type           Power      Damage    Failure   Level
a - Foxfire               Conj/Fire      56%        2x1d6     4%          1
b - Scorch                Fire           28%        2d6       7%          2
c - Conjure Flame         Conj/Fire      14%        6-21      13%         3
d - Inner Flame           Hex/Fire       14%        N/A       13%         3
e - Flame Wave            Conj/Fire      14%        2d6       41%         4
f - Animate Skeleton      Necr           28%        N/A       4%          1
Your spell library was empty.

Dungeon Overview and Level Annotations

Branches:
Dungeon (2/15)

Altars:


Innate Abilities, Weirdness & Mutations

You are immune to sickness and miasma.
You are immune to poison.
Your flesh is very heat resistant. (rF++)
You are vulnerable to cold. (rC-)
You float through the air rather than walking.
You learn spells naturally, not from books.
Your magical power is your life essence.
You have superior vitality. (+4 MHP)


Message History

The foxfire hits the hobgoblin.
The hobgoblin is severely wounded.
The foxfire hits the hobgoblin.
You kill the hobgoblin!
A gnoll is nearby!
Casting: Foxfire (safe; 4% risk of failure)
Confirm with . or Enter, or press ? or * to list all spells.
You conjure some foxfire!
Casting: Foxfire (safe; 4% risk of failure)
Confirm with . or Enter, or press ? or * to list all spells.
Okay, then.
The foxfire hits the gnoll.
The gnoll is lightly wounded.
The foxfire hits the gnoll.
The gnoll is heavily wounded.
Casting: Foxfire (safe; 4% risk of failure)
Confirm with . or Enter, or press ? or * to list all spells.
You conjure some foxfire!
The gnoll closely misses you.
Your magical contamination has completely faded away.
The foxfire hits the gnoll.
The gnoll is severely wounded.
The foxfire hits the gnoll.
The gnoll is almost dead.
The gnoll hits you with a +0 whip!
Casting: Foxfire (safe; 4% risk of failure)
Confirm with . or Enter, or press ? or * to list all spells.
You conjure some foxfire!
The gnoll hits you with a +0 whip!
The foxfire hits the gnoll but does no damage.
The gnoll is almost dead.
The foxfire hits the gnoll.
The gnoll is almost dead.
The gnoll hits you with a +0 whip.
* * * LOW HITPOINT WARNING * * *
The gnoll attacks as you move away! The gnoll barely misses you.
Casting: Foxfire (safe; 4% risk of failure)
Confirm with . or Enter, or press ? or * to list all spells.
You conjure some foxfire!
* * * LOW HITPOINT WARNING * * *
The gnoll hits you with a +0 whip.
You die...

..(# .. ...##.## ...
..# .. †.##.# ##.
##. g.#.## ..
.##..###.#..#
#.##..##.....#..#
..#..#####..†vg#
#.#......#####@#
###.#...##.# ##v#
.........#.####..#
####...[.....)..##
.<.).........####
#.##...#....^#######
...........#........
.†###..#####.#######
##......# #.#


You could see a gnoll (ally target).

Vanquished Creatures
  An adder (D:2)
  3 dart slugs (D:1)
  2 bats (D:1)
  8 endoplasms
  2 giant cockroaches
  4 goblins
  4 hobgoblins
  2 quokkas (D:1)
  3 ball pythons
  2 frilled lizards (D:1)
  A kobold (D:1)
  5 rats
37 creatures vanquished.

Vanquished Creatures (others)
  101 foxfires
101 creatures vanquished.

Grand Total: 138 creatures vanquished

Notes
Turn   | Place    | Note
-------+----------+-------------------------------------------
     0 | D:1      | DuloT34 the Djinni Fire Elementalist began the quest for
                  | the Orb.
     0 | D:1      | Reached XP level 1. HP: 15/15 MP: 0/0
   235 | D:1      | Reached XP level 2. HP: 19/22 MP: 0/0
   237 | D:1      | Reached skill level 1 in Fighting
   952 | D:1      | Reached XP level 3. HP: 12/27 MP: 0/0
   952 | D:1      | Learned a level 1 spell: Animate Skeleton
  1936 | D:1      | Reached skill level 3 in Spellcasting
  2115 | D:2      | Reached XP level 4. HP: 31/33 MP: 0/0
  2154 | D:2      | Found a faded altar of an unknown god.
  2229 | D:2      | Slain by a gnoll

Illustrated notes

Levels and vault maps discovered:
D:1:      sevenhm_arrival_forest_fort_small_4, layout_loops_ring,
          dreamdust_wishing_well, minmay_3d_cube
D:2:      minmay_evil_eye, layout_basic, basic_altar,
          nicolae_ecumenical_lake_church, st_stairs_1

Skill      XL: |  1  2  3 |
---------------+----------+-----
Fighting       | 1 2 |  2.3
Spellcasting   | 3 |  3.1
Dodging        | |  2.1
Stealth        | |  1.5

Action                   |  1- 3 |  4- 6 || total
-------------------------+-------+-------++-------
Melee: Unarmed           |     8 |       ||     8
 Cast: Foxfire           |    60 |    15 ||    75
  Use: Scroll            |     6 |       ||     6
Armor: Robe              |     2 |       ||     2
Dodge: Dodged            |    22 |     5 ||    27

Table legend: (Time is in decaauts)
 A = Elapsed time spent in this place.
 B = Non-inter-level travel time spent in this place.
 C = Inter-level travel time spent in this place.
 D = Time resting spent in this place.
 E = Time spent auto-exploring this place.
 F = Levels seen in this place.
 G = Mean time per level.
                   A        B        C        D        E       F      G
               +--------+--------+--------+--------+--------+-----+--------+
         Total |   2228 |   2215 |     13 |    941 |   1046 |   2 | 1114.0 |
       Dungeon |   2228 |   2215 |     13 |    941 |   1046 |   2 | 1114.0 |
               +--------+--------+--------+--------+--------+-----+--------+

Top non-repeatable levels by time:
     D:1: 2112 daAuts
     D:2: 116 daAuts
